 Dungeon Crawl Stone Soup version 0.30.0-29-ga12c61a403 (webtiles) character file.

Game seed: 7614029660835516352

44 hawla the Firebug (level 3, -2/19 HPs)
             Began as a Deep Elf Fire Elementalist on June 7, 2023.
             Killed by nerve-wracking pain
             ... invoked by an orc priest
              (11 damage)
             ... on level 3 of the Dungeon.
             The game lasted 00:03:11 (537 turns).

hawla the Firebug (Deep Elf Fire Elementalist)       Turns: 537, Time: 00:03:11

Health: -2/19      AC:  2    Str:  5    XL:     3   Next: 41%
Magic:  0/10       EV: 13    Int: 21    God:
Gold:   23         SH:  0    Dex: 15    Spells: 6/9 levels left

rFire   . . .        (no weapon)
rCold   . . .        (no shield)
rNeg    . . .        a - +0 robe
rPois   .            (no helmet)
rElec   .            (no cloak)
rCorr   .            (no gloves)
SInv    .            (no boots)
Will    .....        (no amulet)
Stlth   ++           (no ring)
HPRegen 0.23/turn    (no ring)
MPRegen 0.12/turn

%: no passive effects
@: no status effects
A: no striking features
a: no special abilities


You were on level 3 of the Dungeon.
You visited 1 branch of the dungeon, and saw 3 of its levels.

You collected 23 gold pieces.

Inventory:

Armour
 a - a +0 robe (worn)
Jewellery
 g - an amulet of regeneration
Scrolls
 h - a scroll of fear
Potions
 b - a potion of magic
 c - a potion of curing {unknown}
 d - a potion of lignification {unknown}
 e - a potion of brilliance {unknown}
 f - a potion of heal wounds {unknown}


   Skills:
 + Level 2.9 Dodging
 + Level 2.6 Stealth
 + Level 3.6 Spellcasting
 + Level 1.4 Conjurations
 + Level 4.1 Fire Magic


You had 6 spell levels left.
You knew the following spells:

 Your Spells              Type           Power      Damage    Failure   Level
a - Foxfire               Conj/Fire      60%        2x1d7     4%          1
b - Scorch                Fire           42%        2d6       3%          2

Your spell library contained the following spells:

 Spells                   Type           Power      Damage    Failure   Level
 Inner Flame              Hex/Fire       12%        N/A       16%         3
 Volatile Blastmotes      Fire/Tloc      24%        2d12      16%         3
 Frozen Ramparts          Ice            6%         1d1       36%         3
 Flame Wave               Conj/Fire      15%        2d7       36%         4
 Ice Form                 Ice/Tmut       3%         N/A       77%         4
 Summon Ice Beast         Ice/Summ       3%         N/A       77%         4


Dungeon Overview and Level Annotations

Branches:
Dungeon (3/15)

Altars:
Hepliaklqana


Message History

Confirm with . or Enter, or press ? or * to list all spells.
Flames lash the orc.
You kill the orc!
You hear an angry hiss.
An adder comes into view.
Your Fire Magic skill increases to level 4!
Casting: Scorch (safe; 3% risk of failure)
Confirm with . or Enter, or press ? or * to list all spells.
You conjure some foxfire!
Casting: Foxfire (safe; 4% risk of failure)
Confirm with . or Enter, or press ? or * to list all spells.
You conjure some foxfire!
The foxfire hits the orc but does no damage.
The orc is almost dead.
The foxfire hits the orc.
You kill the orc!
An orc priest comes into view. It is wielding a +0 trident.
Casting: Foxfire (safe; 4% risk of failure)
Confirm with . or Enter, or press ? or * to list all spells.
You conjure some foxfire!
The foxfire hits the adder but does no damage.
The foxfire hits the adder.
The adder is lightly wounded.
Casting: Foxfire (safe; 4% risk of failure)
Confirm with . or Enter, or press ? or * to list all spells.
You conjure some foxfire!
The foxfire hits the adder.
The adder is lightly wounded.
The foxfire hits the adder!
The adder is severely wounded.
The foxfire hits the adder.
You kill the adder!
The orc priest calls down the wrath of Beogh upon you.
Beogh smites you!
Ouch! That really hurt!
The foxfire hits the orc priest.
The orc priest is lightly wounded.
The orc priest mumbles some strange prayers to Beogh against you.
Pain shoots through your body!
Ouch! That really hurt!
You die...

.>............##
#..............#
#..............#
#..............#
#........[.....#
#..............#
..###..........†.##
#...o)......†...##
#####.)@..###....#
#......#..#####.###
#......##..#
#...### #......#
#......#...###
#.....?#
######..##....
#..$...# ##......#
#......#
.......##..
#.......
##########. #.


You could see an orc priest.

Vanquished Creatures
  2 adders (D:3)
  2 orcs (D:3)
  2 bats (D:1)
  An endoplasm (D:1)
  A giant cockroach (D:1)
  2 goblins
  4 hobgoblins
  A quokka (D:1)
  5 ball pythons
  A frilled lizard (D:3)
  3 rats
24 creatures vanquished.

Vanquished Creatures (others)
  56 foxfires
56 creatures vanquished.

Grand Total: 80 creatures vanquished

Notes
Turn   | Place    | Note
-------+----------+-------------------------------------------
     0 | D:1      | hawla the Deep Elf Fire Elementalist began the quest for
                  | the Orb.
     0 | D:1      | Reached XP level 1. HP: 10/10 MP: 6/6
    74 | D:1      | Found a faded altar of an unknown god.
   110 | D:1      | Reached XP level 2. HP: 15/15 MP: 0/8
   193 | D:1      | Learned a level 2 spell: Scorch
   393 | D:3      | Found a hazy altar of Hepliaklqana.
   457 | D:3      | Reached XP level 3. HP: 19/19 MP: 3/10
   531 | D:3      | Reached skill level 4 in Fire Magic
   537 | D:3      | Killed from afar by an orc priest

Illustrated notes

Levels and vault maps discovered:
D:1:      tarquinn_simple_flora_water_a, layout_basic,
          shapermc_ecumenical_altar_mp_ritualfount, minmay_octomino_c4
D:2:      layout_loops_ring, minmay_misc_feat_enclosed, grunt_decor_clamped
D:3:      layout_rooms, mainiacjoe_overflow_tiny_flanked, hex_intersection,
          minmay_pentomino_pile

Skill      XL: |  1  2  3 |
---------------+----------+-----
Fire Magic     | 4 |  4.1
Dodging        | |  2.9
Stealth        | |  2.6
Spellcasting   | |  3.6
Conjurations   | |  1.4

Action                     || total
---------------------------++-------
  Melee: Unarmed           ||     5
   Cast: Foxfire           ||    33
         Scorch            ||     4
    Use: Scroll            ||     2
 Armour: Robe              ||     3
  Dodge: Dodged            ||     8
